 Dungeon Crawl Stone Soup version 0.30.0-5-g1a98f26d00 (webtiles) character file.

Game seed: 3910191452987402308

235 firemarshallily the Grave Robber (level 5, -4/38 HPs)
             Began as a Demonspawn Necromancer on May 12, 2023.
             Slain by Menkaure (7 damage)
             ... on level 4 of the Dungeon.
             The game lasted 00:15:38 (3306 turns).

firemarshallily the Grave Robber (DsNe)             Turns: 3306, Time: 00:15:38

Health: -4/38      AC:  4    Str:  8    XL:     5   Next: 76%
Magic:  10/10      EV: 12    Int: 19    God:
Gold:   260        SH:  0    Dex: 13    Spells: 3/11 levels left

rFire   . . .        j - +0 spear
rCold   + . .        (no shield)
rNeg    . . .        a - +0 robe
rPois   .            l - +1 hat
rElec   .            (no cloak)
rCorr   .            (no gloves)
SInv    .            (no boots)
Will    .....        (no amulet)
Stlth   ++           c - ring of protection from cold
HPRegen 0.26/turn    (no ring)
MPRegen 0.12/turn

%: no passive effects
@: mighty
A: sharp scales 1, demonic magic 1
a: no special abilities


You were on level 4 of the Dungeon.
You visited 1 branch of the dungeon, and saw 4 of its levels.

You collected 260 gold pieces.

Inventory:

Hand Weapons
 j - a +0 spear (weapon)
Missiles
 e - 2 boomerangs
Armour
 a - a +0 robe (worn)
 f - a +0 leather armour
 l - a +1 hat (worn)
Jewellery
 c - a ring of protection from cold (left hand)
Scrolls
 g - a scroll of butterflies
 h - 2 scrolls of immolation
 i - 2 scrolls of poison {unknown}
 n - a scroll of magic mapping
 o - a scroll of amnesia {unknown}
 p - a scroll of fog {unknown}
 q - a scroll of fear {unknown}
 r - a scroll of vulnerability
Potions
 b - a potion of magic


   Skills:
 + Level 2.1 Fighting
 - Level 1.5 Polearms
 + Level 2.8 Dodging
 - Level 1.7 Stealth
 * Level 3.6 Spellcasting
 + Level 5.1 Necromancy


You had 3 spell levels left.
You knew the following spells:

 Your Spells              Type           Power      Damage    Failure   Level
a - Necrotise             Necr           92%        1d8       1%          1
b - Vampiric Draining     Necr           23%        2d7       5%          3
c - Animate Dead          Necr           23%        N/A       17%         4

Your spell library contained the following spells:

 Spells                   Type           Power      Damage    Failure   Level
 Agony                    Necr           23%        N/A       43%         5


Dungeon Overview and Level Annotations

Branches:
Dungeon (4/15)
 Temple: D:4-7

Altars:

Annotations:
D:3 1 runed translucent door, Linnx's ghost, amateur MiFi
D:4 Menkaure


Innate Abilities, Weirdness & Mutations

You are partially covered in razor-sharp scales. (AC +1, Slay +1)
Spells you cast may paralyse adjacent enemies.


Message History

Press: ? - help, Dir - move target, f/p - Menkaure
Aim: Menkaure (moderately damaged, fast, about 24% to evade your +0 spear)
You reach to attack!
You hit Menkaure but do no damage.
Menkaure is moderately damaged.
Unknown command.
Reach: j) +0 spear
Press: ? - help, Dir - move target, f/p - Menkaure
Aim: Menkaure (moderately damaged, fast, about 24% to evade your +0 spear)
You hit Menkaure but do no damage.
Menkaure is moderately damaged.
Menkaure hits you but does no damage.
Menkaure points at you and mumbles some strange words.
Pain shoots through your body!
Reach: j) +0 spear
Press: ? - help, Dir - move target, f/p - Menkaure
Aim: Menkaure (moderately damaged, fast, about 24% to evade your +0 spear)
You barely miss Menkaure.
Menkaure is moderately damaged.
Menkaure hits you.
Unknown command.
You feel better. Menkaure barely misses you.
You hit Menkaure but do no damage.
Menkaure is moderately damaged.
Menkaure hits you but does no damage.
You hit Menkaure.
Menkaure is moderately damaged.
Menkaure hits you!!
Ouch! That really hurt!
* * * LOW HITPOINT WARNING * * *
Menkaure barely misses you.
It was a potion of might.
You feel very mighty all of a sudden. Menkaure closely misses you.
You puncture Menkaure!
Menkaure is severely damaged.
Menkaure closely misses you.
You hit Menkaure.
Menkaure is almost destroyed.
Menkaure hits you!
You die...

#|..#.. ###...#.#
.....#.# #.# #......#
#.# #......# #
#######.####......#...
#.............M.......
#.......# #..@.#
##.......####....#
#.......).......##
#[...###........#
#....<..........#
###.###.........# #
............#
####........#
....#######


You could see Menkaure (fast).

Vanquished Creatures
  An orc priest (D:3)
  Natasha (thrice) (D:3)
  6 adders
  A worm (D:2)
  2 dart slugs
  6 orcs
  4 bats
  6 endoplasms
  3 giant cockroaches
  3 goblins
  5 hobgoblins
  4 jackals (D:3)
  A quokka (D:2)
  7 ball pythons
  4 frilled lizards
  4 kobolds
  6 rats
66 creatures vanquished.

Vanquished Creatures (collateral kills)
  A goblin (D:1)
  A kobold (D:1)
  A ball python (D:1)
3 creatures vanquished.

Grand Total: 69 creatures vanquished

Notes
Turn   | Place    | Note
-------+----------+-------------------------------------------
     0 | D:1      | firemarshallily the Demonspawn Necromancer began the quest
                  | for the Orb.
     0 | D:1      | Reached XP level 1. HP: 13/13 MP: 3/3
   250 | D:1      | Gained mutation: You are partially covered in razor-sharp
                  | scales. (AC +1, Slay +1) [demonic ancestry]
   250 | D:1      | Reached XP level 2. HP: 20/20 MP: 0/5
   954 | D:1      | Reached skill level 1 in Fighting
  1113 | D:2      | Reached XP level 3. HP: 26/26 MP: 3/6
  2163 | D:3      | Reached XP level 4. HP: 32/32 MP: 4/8
  2377 | D:3      | Reached skill level 1 in Polearms
  2479 | D:3      | Found a runed translucent door.
  2512 | D:3      | Noticed Linnx's ghost (amateur MiFi)
  2695 | D:3      | Noticed Natasha
  2701 | D:3      | Killed Natasha
  2702 | D:3      | Reached skill level 5 in Necromancy
  2702 | D:3      | Gained mutation: Spells you cast may paralyse adjacent
                  | enemies. [demonic ancestry]
  2702 | D:3      | Reached XP level 5. HP: 24/38 MP: 2/10
  2768 | D:3      | Learned a level 3 spell: Vampiric Draining
  2773 | D:3      | Learned a level 4 spell: Animate Dead
  3052 | D:3      | Noticed Natasha
  3060 | D:3      | Killed Natasha
  3232 | D:3      | Noticed Natasha
  3239 | D:3      | Killed Natasha
  3291 | D:4      | Noticed Menkaure
  3306 | D:4      | Slain by Menkaure

Illustrated notes

Levels and vault maps discovered:
D:1:      lightli_arrival_farm, layout_rooms, serial_co_window_serial,
          co_window_corner_a, co_window_paths_a, co_window_paths_a,
          co_window_of_opportunity_a, co_window_paths_b, co_window_paths_b,
          co_window_cross_1, co_window_broadway_c, co_window_broadway_a,
          co_window_unsneaky_path_c, co_window_paths_d, glass_columns_a,
          glass_columns_a, glass_columns_b, glass_columns_a, minmay_tetromino_l2
D:2:      layout_loops_cross, serial_rivers, chequers_serial_rivers_small_b,
          chequers_serial_rivers_large_b, chequers_serial_rivers_room_b,
          chequers_serial_rivers_room_a, chequers_serial_rivers_small_a,
          chequers_serial_rivers_small_a
D:3:      layout_basic, ebering_ghost_sewer_d, minivault_27, grunt_ministairs_8,
          uniq_natasha
D:4:      corexii_shack_village, layout_basic, minmay_temple_entry_overgrown,
          kennysheep_generic_room_4, uniq_menkaure, uniq_pikel

Skill      XL: |  1  2  3  4  5 |
---------------+----------------+-----
Dodging        | 2 |  2.8
Fighting       | 1 2 |  2.1
Spellcasting   | 3 |  3.6
Polearms       | 1 |  1.5
Necromancy     | 5 |  5.1
Stealth        | |  1.7

Action                     |  1- 3 |  4- 6 || total
---------------------------+-------+-------++-------
  Melee: Hand axe          |    18 |       ||    18
         Unarmed           |     2 |       ||     2
         Spear             |    11 |    35 ||    46
  Throw: Boomerang         |       |     2 ||     2
   Cast: Necrotise         |    60 |    46 ||   106
    Use: Potion            |       |     3 ||     3
         Scroll            |       |     4 ||     4
   Stab: Distracted        |     1 |       ||     1
         Paralysed         |       |     1 ||     1
 Armour: Robe              |    16 |    12 ||    28
  Dodge: Dodged            |    23 |    25 ||    48
